 Dungeon Crawl Stone Soup version 0.31-a0-162-gc4c5a43528 (webtiles) character file.

Game seed: 9430911016566362115

605 qw the Chopper (level 7, -1/43 HPs)
             Began as a Gargoyle Fighter on June 12, 2023.
             Slain by an ogre
             ... wielding a +0 giant spiked club
              (19 damage)
             ... on level 5 of the Dungeon.
             The game lasted 00:01:45 (3866 turns).

qw the Chopper (Gargoyle Fighter)                   Turns: 3866, Time: 00:01:45

Health: -1/43      AC: 15    Str: 21    XL:     7   Next: 42%
Magic:  7/7        EV:  8    Int:  9    God:
Gold:   153        SH:  4    Dex:  9    Spells: 6/6 levels left

rFire   . . .        Y - +0 war axe
rCold   . . .        c - +0 buckler
rNeg    + . .        i - +0 chain mail
rPois   inf          (helmet restricted)
rElec   +            (no cloak)
rCorr   .            (no gloves)
SInv    .            (no boots)
Will    .....        (no amulet) Stlth
                     (no ring)
HPRegen 0.27/turn    (no ring)
MPRegen 0.10/turn

%: no passive effects
@: no status effects
A: sickness immunity, AC +4, negative energy resistance 1, electricity
resistance, torment resistance 1, petrification resistance, beak, iridescent
scales 1
a: no special abilities


You were on level 5 of the Dungeon.
You visited 1 branch of the dungeon, and saw 5 of its levels.

You collected 195 gold pieces.
You spent 42 gold pieces at shops.


Innate Abilities, Weirdness & Mutations

You are immune to sickness and miasma.
Your stone body is resilient. (AC +4)
You are immune to poison.
You resist negative energy. (rN+)
You are resistant to electric shocks. (rElec)
You are resistant to unholy torment.
You are immune to petrification.
You have a beak for a mouth.
You are partially covered in iridescent scales. (AC +2)


   Skills:
 - Level 4.1 Fighting
 + Level 6.8 Axes
 - Level 3.2 Armour
 - Level 1.2 Dodging
 - Level 3.2 Shields


You had 6 spell levels left.
You didn't know any spells.
Your spell library was empty.

Inventory:

Hand Weapons
 j - a +1 heavy mace
 Y - a +0 war axe (weapon)
Armour
 c - a +0 buckler (worn)
 i - a +0 chain mail (worn)
 m - a +2 scale mail of cold resistance
Jewellery
 b - a +6 ring of strength
 l - a ring of positive energy
Scrolls
 k - a scroll of enchant weapon {unknown}
Potions
 a - a potion of magic {unknown}
 d - a potion of might
 e - a potion of heal wounds {unknown}
 f - 2 potions of mutation
 g - a potion of resistance {unknown}
 h - 2 potions of haste {unknown}

Dungeon Overview and Level Annotations

Branches:
Dungeon (5/15)
 Temple: D:4-7

Altars:

Shops:
D:2 (

Annotations:
D:4 3 runed translucent doors, qw's ghost, amateur NaHu


Message History

The iguana bites you but does no damage.
You slash the iguana!
You kill the iguana!
You start resting.
HP restored.
You now have 140 gold pieces (gained 6).
You open the door.
There is an open door here.
You now have 149 gold pieces (gained 9).
There is an open door here.
You open the door.
There is an open door here.
You now have 153 gold pieces (gained 4).
As you open the door, it creaks loudly!
You hear a shout!
An ogre comes into view. It is wielding a +0 giant spiked club.
The ogre shouts!
There is an open door here.
Enter note:
Enter note:
Enter note:
Enter note:
Enter note:
Enter note:
Enter note:
Enter note:
Enter note:
Enter note: You slash the ogre!
You peck the ogre, but do no damage.
The ogre is heavily wounded.
The ogre hits you with a +0 giant spiked club!!
Ouch! That really hurt!
You hit the ogre. Your peck misses the ogre.
The ogre is severely wounded.
You barely miss the ogre.
The ogre is severely wounded.
The ogre barely misses you.
You hit the ogre.
The ogre is almost dead.
The ogre hits you with a +0 giant spiked club!!
You die...

.. ######.....#......# ..
#..........#......# .. .
#..........#......# ..
..######.##..##'#......# ..
#.....#.#####....###### ..
#.....#.....#....#..... .
#.....#.....#....#.....
#....O#.....#....+.....
#.....@.....#....#.....
#.....###+###....#.###. ....#
#.............#'##.###' ....#
#.............#....#... ....+
#.............#....#... ....#
#.............#....#...
....#######.............#....#...
............#######.....#....##..
............# #.....#....##..


You could see an ogre.

Vanquished Creatures
  Sigmund (D:3)
  An ogre (D:4)
  A scorpion (D:5)
  A hound (D:4)
  An orc priest (D:4)
  2 iguanas (D:5)
  2 orc wizards (D:4)
  Robin (D:4)
  A gnoll (D:1)
  2 adders
  4 worms
  A dart slug (D:3)
  9 orcs
  6 ball pythons
  6 bats
  9 endoplasms
  A giant cockroach (D:2)
  15 goblins
  12 hobgoblins
  4 quokkas
  6 frilled lizards
  6 kobolds
  6 rats
98 creatures vanquished.

Notes
Turn   | Place    | Note
-------+----------+-------------------------------------------
     0 | D:1      | qw the Gargoyle Fighter began the quest for the Orb.
     0 | D:1      | Reached XP level 1. HP: 14/14 MP: 1/1
     0 | D:1      | 0 ||| qw: Version: 0.2-a-29-gc1b59c4
     0 | D:1      | 0 ||| qw: Game counter: 4297
     0 | D:1      | 0 ||| qw: Always use a shield: true
     0 | D:1      | 0 ||| qw: God list: Okawaru
     0 | D:1      | 0 ||| qw: Allow faded altars: false
     0 | D:1      | 0 ||| qw: Do Orc after D:15 true
     0 | D:1      | 0 ||| qw: Do second Lair branch before Depths: true
     0 | D:1      | 0 ||| qw: Lair rune preference: random
     0 | D:1      | 0 ||| qw: Plans: Normal, Zot:1-4, Slime:5, God:TSO, Crypt,
                  | Tomb, Abyss, Pan, Hells, Win
     0 | D:1      | 0 ||| PLANNING D:1-11
    99 | D:1      | Reached skill level 2 in Axes
   196 | D:1      | Reached XP level 2. HP: 10/19 MP: 2/2
   267 | D:1      | 267 ||| Stepping ~*~*~tactically~*~*~ (stealth).
   358 | D:1      | 358 ||| Stepping ~*~*~tactically~*~*~ (stealth).
   372 | D:1      | Reached skill level 3 in Axes
   372 | D:1      | Reached XP level 3. HP: 22/23 MP: 3/3
   752 | D:1      | 752 ||| UPGRADING to +0 chain mail.
   762 | D:1      | 762 ||| DROPPING +0 scale mail.
   763 | D:1      | 763 ||| READING scroll labelled EPARENYGIO.
   764 | D:1      | 764 ||| READING scroll labelled VIZAVA IBBATODUSMO.
   765 | D:1      | 765 ||| DRINKING 2 lumpy blue potions.
   765 | D:1      | Gained mutation: You have a beak for a mouth. [potion of
                  | mutation]
   765 | D:1      | Gained mutation: You are partially covered in iridescent
                  | scales. (AC +2) [potion of mutation]
   821 | D:2      | 821 ||| Stepping ~*~*~tactically~*~*~ (stealth).
   869 | D:2      | Identified the +4 ring mail of Divine Intervention {Rampage
                  | Int+2 Dex+4}
  1035 | D:2      | Found Juboruecs's Weapon Emporium.
  1039 | D:2      | 1039 ||| BUYING +0 mace (42 gold).
  1039 | D:2      | Bought a +0 mace for 42 gold pieces
  1039 | D:2      | 1039 ||| SHOPLISTING +5 morningstar of holy wrath (478
                  | gold, have 15).
  1039 | D:2      | 1039 ||| DROPPING +0 whip.
  1146 | D:2      | Noticed an Ice Fiend
  1147 | D:2      | Found a faded altar of an unknown god.
  1471 | D:2      | 1471 ||| DROPPING +4 ring mail of Divine Intervention
                  | {Rampage Int+2 Dex+4}.
  1472 | D:2      | 1472 ||| READING scroll labelled VATOGASTI SOSCH.
  1657 | D:3      | Reached XP level 4. HP: 26/28 MP: 4/4
  1714 | D:3      | Reached skill level 4 in Axes
  1877 | D:3      | Noticed Sigmund
  1889 | D:3      | Killed Sigmund
  1890 | D:3      | Reached skill level 5 in Axes
  1890 | D:3      | Reached XP level 5. HP: 32/32 MP: 5/5
  1890 | D:3      | Reached XP level 6. HP: 37/37 MP: 6/6
  1995 | D:3      | 1995 ||| Stepping ~*~*~tactically~*~*~ (hiding).
  1998 | D:3      | 1998 ||| Stepping ~*~*~tactically~*~*~ (hiding).
  2158 | D:3      | 2158 ||| Stepping ~*~*~tactically~*~*~ (hiding).
  2391 | D:3      | 2391 ||| READING scroll labelled XOSUIS NIOCW.
  2392 | D:3      | 2392 ||| READING scroll labelled FIZULU BU KAO.
  2480 | D:4      | Reached skill level 6 in Axes
  2579 | D:4      | Found a runed translucent gate.
  2579 | D:4      | Found a runed translucent gate.
  2579 | D:4      | Found a runed translucent gate.
  2860 | D:4      | Reached skill level 1 in Dodging
  2860 | D:4      | Reached XP level 7. HP: 21/43 MP: 7/7
  2968 | D:4      | 2968 ||| Stepping ~*~*~tactically~*~*~ (stealth).
  2983 | D:4      | Noticed Robin
  3000 | D:4      | Killed Robin
  3152 | D:4      | Noticed qw's ghost (amateur NaHu)
  3400 | D:4      | 3400 ||| READING scroll labelled JIAHUH NEHAF.
  3401 | D:4      | 3401 ||| DRINKING 2 lumpy red potions.
  3402 | D:4      | 3402 ||| DROPPING potion of enlightenment.
  3406 | D:5      | Entered Level 5 of the Dungeon
  3434 | D:5      | 3434 ||| DROPPING +0 mace.
  3866 | D:5      | Slain by an ogre

Levels and vault maps discovered:
D:1:      psy_arrival_fountain, layout_basic
D:2:      layout_loops_ring, dreamdust_ecumenical_altar_sealed_demon,
          serial_shops, nicolae_shop_trees, st_stairs_14, minmay_misc_feat_rows
D:3:      layout_basic, nicolae_the_louvre, uniq_sigmund
D:4:      layout_cave_pods, gammafunk_ghost_necromancy, uniq_robin
D:5:      layout_gridville, dk_vineyard_3

Skill      XL: |  1  2  3  4  5  6 |
---------------+-------------------+-----
Axes           | 2 3 5 6 |  6.8
Fighting       | 4 |  4.1
Dodging        | 1 |  1.2
Armour         | |  3.2
Shields        | |  3.2

Action                     |  1- 3 |  4- 6 |  7- 9 || total
---------------------------+-------+-------+-------++-------
  Melee: War axe           |   138 |    86 |    56 ||   280
         Peck              |     8 |    15 |    13 ||    36
  Throw: Boomerang         |       |     2 |       ||     2
    Use: Scroll            |     3 |     2 |     1 ||     6
         Potion            |     1 |       |     1 ||     2
 Armour: Scale mail        |    37 |       |       ||    37
         Chain mail        |    30 |    58 |    37 ||   125
  Dodge: Dodged            |    54 |    35 |    18 ||   107
  Block: Buckler           |    22 |    15 |     8 ||    45

Table legend:
 A = Non-vault XP
 B = Vault XP
 C = Vault XP percentage of total XP
 D = Non-vault monster count
 E = Vault monster count
 F = Vault count percentage of total count
                 A         B        C        D         E       F
            +---------+---------+-------+---------+---------+-------
      Total |     606 |     259 |  29.9 |      82 |      16 |  16.3
            +---------+---------+-------+---------+---------+-------
        D:1 |      50 |       0 |   0.0 |      23 |       0 |   0.0
        D:2 |      19 |       6 |  24.0 |      15 |       2 |  11.8
        D:3 |      51 |     214 |  80.8 |      18 |       1 |   5.3
        D:4 |     325 |      39 |  10.7 |      21 |      13 |  38.2
        D:5 |     161 |       0 |   0.0 |       5 |       0 |   0.0
            +---------+---------+-------+---------+---------+-------
